 Dungeon Crawl Stone Soup version 0.19.1-1-g22dce08 (webtiles) character file.

602 nikopol the Skirmisher (level 7, -3/44 HPs)
             Began as a Gargoyle Berserker on Dec 29, 2016.
             Was a Believer of Trog.
             Killed by divine providence
             ... invoked by an orc priest
              (9 damage)
             ... on level 4 of the Dungeon on Jan 5, 2017.
             The game lasted 00:11:22 (3309 turns).

nikopol the Skirmisher (Gargoyle Berserker)         Turns: 3309, Time: 00:11:23

Health: -3/44      AC: 14    Str: 20    XL:     7   Next: 41%
Magic:  0/7        EV: 11    Int:  8    God:    Trog [**....]
Gold:   144        SH:  0    Dex: 11    Spells: 0 memorised, 6 levels left

rFire  . . .     SeeInvis .     a - +0 hand axe
rCold  . . .     Gourm    .     n - +0 scale mail
rNeg   + + .     Faith    .     (no shield)
rPois  ∞         Spirit   +     (no helmet)
rElec  +         Reflect  .     r - +0 cloak
rCorr  .         Harm     .     (no gloves)
MR     .....                    y - +0 pair of boots
Stlth  ..........               D - amulet of guardian spirit
                                (no ring)
                                t - ring of positive energy

@: no status effects
A: negative energy resistance 1, electricity resistance, unbreathing,
petrification resistance, rot immunity, AC +4
a: Berserk, Trog's Hand, Burn Spellbooks, Renounce Religion


You were on level 4 of the Dungeon.
You worshipped Trog.
Trog was pleased with you.
You were not hungry.

You visited 1 branch of the dungeon, and saw 4 of its levels.

You collected 144 gold pieces.

Inventory:

Hand Weapons
 a - a +0 hand axe (weapon)
 z - a +0 shortbow
Missiles
 q - 23 arrows (quivered)
Armour
 h - a +3 chain mail
 n - a +0 scale mail (worn)
 o - a +2 pair of boots
 r - a +0 cloak (worn)
 y - a +0 pair of boots (worn)
Jewellery
 t - a ring of positive energy (left hand)
 D - an amulet of guardian spirit (around neck)
Wands
 b - a wand of random effects (22/48)
Scrolls
 d - 6 scrolls of identify {unknown}
 e - 2 scrolls of magic mapping {unknown}
 l - a scroll of enchant armour {unknown}
 m - a scroll of fear {unknown}
 p - 3 scrolls of remove curse {unknown}
 u - a scroll of fog {unknown}
 v - a scroll of random uselessness {unknown}
 A - a scroll of amnesia {unknown}
 B - a scroll of enchant weapon {unknown}
Potions
 j - a potion of brilliance {unknown}
 s - 4 potions of agility {unknown}
 w - 2 potions of lignification {unknown}
 x - a potion of mutation {unknown}
 C - 2 potions of haste {unknown}
Comestibles
 c - 6 bread rations
 f - a beef jerky
 g - a meat ration
 i - 5 chunks of flesh
 k - a royal jelly
 E - a slice of pizza


   Skills:
 + Level 5.2 Fighting
 * Level 4.4 Axes
 * Level 1.2 Bows
 + Level 4.6 Armour
 + Level 3.3 Dodging


You had 6 spell levels left.
You didn't know any spells.

Dungeon Overview and Level Annotations

Branches:
Dungeon (4/15)
 Temple: D:4-7

Altars:
Makhleb

Annotations:
D:4 Edmund


Innate Abilities, Weirdness & Mutations

You are resistant to torment.
Your stone body is resilient. (AC +4)
You are immune to poison.
You resist negative energy. (rN+)
You are resistant to electric shocks. (rElec)
You can survive without breathing.
You are immune to petrification.
You are immune to rotting.


Message History

You barely miss the orc priest.
The orc priest is almost dead.
The orc priest calls down the wrath of Beogh upon you.
Beogh smites you!
The orc priest hits you but does no damage.
You hit the orc priest but do no damage.
The orc priest is almost dead.
You hit the orc priest but do no damage.
The orc priest is almost dead.
The orc priest invokes the aid of Beogh against you.
Beogh smites you!
* * * LOW HITPOINT WARNING * * *
The orc priest hits you but does no damage.
You hit the orc priest but do no damage.
The orc priest is almost dead.
You hit the orc priest but do no damage.
The orc priest is almost dead.
The orc priest mumbles some strange prayers to Beogh against you.
Beogh smites you!
You die...

#######......# #.#..#.....#
###......#.....#+#.#..#####.#
.........#......†..#..#
##.......#....[....#..#
#.......#.........#...
##.......#..#....#.####
............#.####...
####....##..############
#....##.>....@oo(.(.(
###'###.############# #...#.#
#######.#.# #################
..........# #................
#######.#####
#.###############
#......####'#....##### #
#....#.#......##.....# #
#....#.#......######.# #


You could see 2 orc priests.

Vanquished Creatures
  Sigmund (D:2)
  An ogre (D:3)
  A centaur (D:4)
  2 scorpions (D:4)
  A worker ant (D:4)
  5 adders
  An ooze (D:3)
  An adder zombie (D:4)
  6 worms
  5 dart slugs
  4 leopard geckos
  6 orcs
  2 bats (D:3)
  3 giant cockroaches
  6 goblins
  6 hobgoblins
  3 jackals
  4 kobolds
  2 quokkas
  2 frilled lizards
  10 rats
  2 plants (D:2)
74 creatures vanquished.

Notes
Turn   | Place    | Note
-------+----------+-------------------------------------------
     0 | D:1      | nikopol the Gargoyle Berserker began the quest for the Orb.
     0 | D:1      | Reached XP level 1. HP: 14/14 MP: 1/1
   221 | D:1      | Reached XP level 2. HP: 18/19 MP: 2/2
  1045 | D:2      | Reached XP level 3. HP: 8/23 MP: 3/3
  1310 | D:2      | Found a burning altar of Makhleb.
  1502 | D:2      | Noticed Sigmund
  1514 | D:2      | Killed Sigmund
  1514 | D:2      | Reached skill level 4 in Fighting
  1514 | D:2      | Reached XP level 4. HP: 30/30 MP: 4/4
  1514 | D:2      | Reached XP level 5. HP: 34/34 MP: 5/5
  1905 | D:3      | Noticed an ogre
  1914 | D:3      | Killed an ogre
  1914 | D:3      | Reached XP level 6. HP: 40/40 MP: 6/6
  2039 | D:3      | Reached ** piety under Trog
  2762 | D:4      | Reached skill level 5 in Fighting
  2762 | D:4      | Reached XP level 7. HP: 44/44 MP: 7/7
  2788 | D:4      | Noticed Edmund
  3152 | D:4      | Reached skill level 1 in Bows
  3309 | D:4      | Killed from afar by an orc priest

Skill      XL: |  1  2  3  4  5  6  7 |
---------------+----------------------+-----
Axes           | 3 4 |  4.4
Fighting       | 4 5 |  5.2
Armour         | 3 4 |  4.6
Dodging        | 2 3 |  3.3
Bows           | 1 |  1.2

Action                   |  1- 3 |  4- 6 |  7- 9 || total
-------------------------+-------+-------+-------++-------
Melee: Hand axe          |    86 |   241 |    99 ||   426
 Fire: Shortbow          |       |       |    19 ||    19
Invok: Berserk           |     1 |     2 |       ||     3
       Burn Spellbooks   |       |       |     1 ||     1
  Eat: Chunk             |     2 |     6 |     3 ||    11
Armor: Animal skin       |     5 |       |       ||     5
       Scale mail        |    23 |    70 |    49 ||   142
       Ring mail         |     5 |       |       ||     5
Dodge: Dodged            |    41 |    94 |    45 ||   180
